[Event "Titled Tuesday Blitz March 15 Late 2022"]
[White "Badelka, Olga"]
[Black "Izoria, Zviad"]
[WhiteFideId "13509926"]
[BlackFideId "13601733"]
[WhiteElo "2165"]
[BlackElo "2626"]
[Result "1-0"]
[Round "02"]
[TimeControl "180+1"]
[Date "2022.03.16"]
[WhiteClock "0:02:18"]
[BlackClock "0:01:54"]

1. d4 d6 2. e4 g6 3. Bd3 Bg7 4. Be3 Nf6 5. f3 O-O 6. Qd2 e5 7. d5 c6 8. c4 b5 9. Nc3 b4 10. Nd1 a5 11. g4 Na6 12. h4 cxd5 13. cxd5 h5 14. g5 Nd7 15. Nf2 Nac5 16. Bb5 Qb6 17. Bc6 Bb7 18. Bxd7 1-0


[Site "https://www.chess.com"]

[Event "Titled Tuesday Blitz March 15 Late 2022"]
[White "Barp, Alberto"]
[Black "Sanal, Vahap"]
[WhiteFideId "872555"]
[BlackFideId "6300545"]
[WhiteElo "2229"]
[BlackElo "2603"]
[Result "1/2-1/2"]
[Round "02"]
[TimeControl "180+1"]
[Date "2022.03.15"]
[WhiteClock "0:00:09"]
[BlackClock "0:00:15"]

1. d4 d5 2. c4 c6 3. cxd5 cxd5 4. Bf4 Nc6 5. e3 Nf6 6. Nc3 Bf5 7. Nf3 e6 8. Qb3 Bb4 9. Ne5 O-O 10. Nxc6 Bxc3+ 11. Qxc3 bxc6 12. Rc1 Ne4 13. Qa3 g5 14. Bg3 Qb6 15. Be2 a5 16. O-O Nxg3 17. hxg3 Rfb8 18. b3 Qb4 19. Qb2 Rb6 20. Rc3 a4 21. Rfc1 axb3 22. axb3 Ra3 23. g4 Bg6 24. Bf3 Kg7 25. Bd1 Rba6 26. Qd2 Ra2 27. Qe1 Ra1 28. Be2 Rxc1 29. Qxc1 Ra2 30. Bf3 Qa5 31. Kh2 Qc7+ 32. Kh3 h5 33. gxh5 Bf5+ 34. Bg4 Rxf2 35. Bxf5 exf5 36. Qg1 g4+ 37. Kh4 Re2 38. Qf1 Qe7+ 39. Kg3 Rxe3+ 40. Rxe3 Qxe3+ 41. Kh4 Qe7+ 42. Kg3 Qg5 43. Qf4 Kh6 44. b4 f6 45. Qc7 Qe3+ 46. Kh2 f4 47. Qf7 Qg3+ 48. Kg1 Qe1+ 49. Kh2 Qe4 50. Qxf6+ Kxh5 51. Qf7+ Kg5 52. Qg7+ Qg6 53. Qe5+ Qf5 54. Qg7+ Kh5 55. Qh8+ Kg6 56. Qg8+ Kf6 57. Qf8+ Kg5 58. Qg7+ Qg6 59. Qe5+ Kh6 60. Qh8+ Qh7 61. Qf6+ Kh5 62. Qxf4 Qe4 63. Kg3 Qd3+ 64. Kh2 Qg6 65. Kg3 Qe6 66. Kh2 Kg6 67. Kg3 Qe1+ 68. Kxg4 Qxb4 69. Qf5+ Kg7 70. Kg5 Qd2+ 71. Kh5 Qe2+ 72. Qg4+ Qxg4+ 73. Kxg4 Kf6 74. Kf4 Ke6 75. g4 Kd6 76. Kf5 c5 77. dxc5+ Kxc5 78. g5 d4 79. g6 d3 80. g7 d2 81. g8=Q d1=Q 82. Qc8+ Kb6 83. Qb8+ Kc6 84. Qc8+ Kb6 85. Qb8+ Kc6 86. Qc8+ Kb6 1/2-1/2


[Site "https://www.chess.com"]

[Event "Titled Tuesday Blitz March 15 Late 2022"]
[White "Bashirli, Nail"]
[Black "Fedoseev, Vladimir"]
[WhiteFideId "13406809"]
[BlackFideId "24130737"]
[WhiteElo "2333"]
[BlackElo "2726"]
[Result "0-1"]
[Round "02"]
[TimeControl "180+1"]
[Date "2022.03.15"]
[WhiteClock "0:00:07"]
[BlackClock "0:00:18"]

1. e4 c6 2. Nc3 d5 3. Nf3 Bg4 4. h3 Bxf3 5. Qxf3 Nf6 6. g3 e5 7. Bg2 d4 8. Nd1 Nbd7 9. d3 Bb4+ 10. c3 dxc3 11. bxc3 Be7 12. O-O O-O 13. Ne3 Re8 14. Rb1 Nc5 15. Rd1 Qc7 16. Nf5 Bd8 17. Ba3 b6 18. g4 Nfd7 19. Rbc1 Bg5 20. Rc2 g6 21. Ne3 Ne6 22. d4 Nf4 23. Nc4 c5 24. d5 b5 25. Ne3 Qd6 26. Bf1 Reb8 27. Rb1 a6 28. Bc1 c4 29. a4 Nc5 30. Ba3 Qc7 31. axb5 axb5 32. Bb4 Nb3 33. Rd1 Qd7 34. d6 Kg7 35. Nd5 Ne6 36. Qg3 Bf4 37. Nxf4 Nxf4 38. Qe3 Ra6 39. Rb2 Rba8 40. Rxb3 cxb3 41. Qc5 Ra1 42. Qxe5+ f6 43. Rxa1 fxe5 44. Rxa8 b2 45. Bxb5 Qxb5 46. Ra7+ Kf6 47. d7 Ne6 48. d8=Q+ Nxd8 49. Be7+ Ke6 50. Bxd8 b1=Q+ 51. Kh2 Qxe4 0-1


[Site "https://www.chess.com"]

[Event "Titled Tuesday Blitz March 15 Late 2022"]
[White "Beerdsen, Thomas"]
[Black "Lewicki, Miroslaw"]
[WhiteFideId "1030108"]
[BlackFideId "1113380"]
[WhiteElo "2585"]
[BlackElo "2283"]
[Result "1-0"]
[Round "02"]
[TimeControl "180+1"]
[Date "2022.03.16"]
[WhiteClock "0:00:05"]
[BlackClock "0:00:03"]

1. e4 c5 2. Nf3 d6 3. d4 cxd4 4. Nxd4 Nf6 5. Nc3 a6 6. a3 Qc7 7. Rg1 b5 8. g4 Bb7 9. Qe2 h6 10. h4 e6 11. g5 hxg5 12. hxg5 Nfd7 13. g6 Ne5 14. f4 Nbc6 15. Ndxb5 axb5 16. Nxb5 Qa5+ 17. Bd2 Qb6 18. Be3 Qa5+ 19. Bd2 Qb6 20. gxf7+ Nxf7 21. Rg6 Ncd8 22. Be3 Qc6 23. Nc3 Ba6 24. Qg2 Bxf1 25. Kxf1 Rb8 26. Rb1 Qc4+ 27. Kg1 Rh5 28. f5 Ne5 29. Rg3 exf5 30. exf5 Rxf5 31. Nd5 Nf3+ 32. Rxf3 Qxd5 33. Qg6+ Rf7 34. Rbf1 Rxb2 35. Bg5 Be7 36. Re3 Rb7 37. Rfe1 Kf8 38. Qh5 Qxg5+ 39. Qxg5 1-0


[Site "https://www.chess.com"]

[Event "Titled Tuesday Blitz March 15 Late 2022"]
[White "Bellissimo, Joseph F."]
[Black "Ladan, Nicholas"]
[WhiteFideId "2609843"]
[BlackFideId "30918855"]
[WhiteElo "2061"]
[BlackElo "2167"]
[Result "1-0"]
[Round "02"]
[TimeControl "180+1"]
[Date "2022.03.16"]
[WhiteClock "0:01:09"]
[BlackClock "0:00:04"]

1. e4 e5 2. Nf3 Nc6 3. Bc4 Nf6 4. d4 exd4 5. e5 d5 6. Bb5 Ne4 7. Nxd4 Bc5 8. Bxc6+ bxc6 9. O-O O-O 10. f3 Ng5 11. Be3 Ne6 12. f4 Ba6 13. Rf2 Qe8 14. f5 Nxd4 15. Bxd4 Bxd4 16. Qxd4 Qb8 17. f6 g6 18. Qh4 h5 19. Qg5 Kh7 20. Nc3 Qxb2 21. Rc1 Qxc3 22. Rf3 Qd4+ 23. Kh1 Rae8 24. Re1 Re6 25. Rh3 Be2 26. c3 Qg4 27. Qe3 Bc4 28. Rg3 Qf5 29. Rg5 Qd3 30. Qf4 Rfe8 31. h3 Qxc3 32. Re3 Qd2 33. Qg3 Qc1+ 34. Kh2 Qb2 35. Rxh5+ Kg8 36. Qh4 gxh5 37. Qg5+ 1-0


[Site "https://www.chess.com"]

[Event "Titled Tuesday Blitz March 15 Late 2022"]
[White "Bettalli, Francesco"]
[Black "Winkels, Marcel"]
[WhiteFideId "2816453"]
[BlackFideId "1003887"]
[WhiteElo "2216"]
[BlackElo "1900"]
[Result "1-0"]
[Round "02"]
[TimeControl "180+1"]
[Date "2022.03.16"]
[WhiteClock "0:00:18"]
[BlackClock "0:00:33"]

1. d4 Nf6 2. Nc3 d5 3. Bf4 Bf5 4. e3 e6 5. f3 Be7 6. g4 Bg6 7. h4 h5 8. g5 Nfd7 9. Bd3 Bxd3 10. Qxd3 g6 11. Nge2 c5 12. e4 dxe4 13. Nxe4 O-O 14. O-O-O cxd4 15. Qxd4 Qa5 16. Qc4 Nb6 17. Qb3 Nc6 18. Bd2 Qe5 19. Bc3 Qc7 20. Nf6+ Bxf6 21. Bxf6 a5 22. Qd3 Nb4 23. Qe4 Qc4 24. Qxc4 Nxc4 25. a3 Nc6 26. Nd4 Nxd4 27. Rxd4 Rac8 28. Kb1 Ne3 29. c3 Nd5 30. Be5 Rfd8 31. Rhd1 b5 32. R1d2 Kf8 33. R4d3 Ke8 34. Rd4 Ne7 35. Rxd8+ Rxd8 36. Rxd8+ Kxd8 37. Bf6 Kd7 38. Bxe7 Kxe7 39. Kc2 Kd6 40. Kd3 Kd5 41. b3 Kc5 42. c4 b4 43. axb4+ Kxb4 44. f4 Kxb3 45. c5 a4 46. c6 a3 47. c7 a2 48. c8=Q a1=Q 49. Qb7+ Ka2 50. Qa6+ Kb1 51. Qb5+ Kc1 52. Qc4+ Kb2 53. Qc3+ Kb1 54. Qxa1+ Kxa1 55. Kd4 Kb2 56. Ke5 Kc3 57. Kf6 Kd4 58. Kxf7 Ke4 59. Kxg6 Kxf4 60. Kxh5 e5 61. g6 e4 62. g7 e3 63. g8=Q e2 64. Qg4+ Ke3 65. Qxe2+ Kxe2 66. Kg5 Kf3 67. h5 Ke4 68. h6 Ke5 69. h7 Ke6 70. h8=Q Kd5 71. Qf6 Kc4 72. Kf5 Kd3 73. Qe5 Kd2 74. Qe4 1-0


[Site "https://www.chess.com"]

[Event "Titled Tuesday Blitz March 15 Late 2022"]
[White "Bluebaum, Matthias"]
[Black "Chiu, Isaac"]
[WhiteFideId "24651516"]
[BlackFideId "30900654"]
[WhiteElo "2550"]
[BlackElo "2117"]
[Result "1-0"]
[Round "02"]
[TimeControl "180+1"]
[Date "2022.03.15"]
[WhiteClock "0:01:50"]
[BlackClock "0:01:59"]

1. b3 e5 2. Bb2 Nc6 3. e3 Nf6 4. Nf3 e4 5. Nd4 Nxd4 6. Bxd4 d5 7. c4 c5 8. Bxf6 Qxf6 9. Nc3 dxc4 10. Bxc4 Qg6 11. Bb5+ Bd7 12. Bxd7+ Kxd7 13. O-O Bd6 14. f3 exf3 15. Qxf3 b6 16. Nb5 f6 17. Qd5 f5 18. Rxf5 Rhe8 19. Nxd6 Qxd6 20. Rf7+ 1-0


[Site "https://www.chess.com"]

[Event "Titled Tuesday Blitz March 15 Late 2022"]
[White "Borodavkin, Anatoly"]
[Black "Odegov, Artem"]
[WhiteFideId "14150662"]
[BlackFideId "34183644"]
[WhiteElo "1845"]
[BlackElo "2286"]
[Result "0-1"]
[Round "02"]
[TimeControl "180+1"]
[Date "2022.03.16"]
[WhiteClock "0:00:15"]
[BlackClock "0:02:25"]

1. e4 e6 2. d4 d5 3. Nc3 Bb4 4. exd5 exd5 5. Bd3 Nf6 6. Ne2 O-O 7. O-O Nc6 8. Ng3 Bg4 9. f3 Be6 10. Nce2 Qd7 11. c3 Be7 12. Nf4 Rae8 13. Re1 Bd6 14. Nxe6 fxe6 15. Be3 e5 16. Bf5 Qf7 17. Qc2 exd4 18. Bxd4 Nxd4 19. cxd4 c6 20. a4 Bb4 21. Rxe8 Rxe8 22. Qb3 a5 23. Rf1 Nh5 24. Nxh5 Qxf5 25. Ng3 Qf4 26. Qd1 b6 27. Rf2 Re1+ 0-1


[Site "https://www.chess.com"]

[Event "Titled Tuesday Blitz March 15 Late 2022"]
[White "Bortnyk, Olexandr"]
[Black "Kucuksari, Kaan"]
[WhiteFideId "14120828"]
[BlackFideId "6380166"]
[WhiteElo "2723"]
[BlackElo "2305"]
[Result "0-1"]
[Round "02"]
[TimeControl "180+1"]
[Date "2022.03.15"]
[WhiteClock "0:00:02"]
[BlackClock "0:00:10"]

1. e4 c5 2. c3 d5 3. exd5 Qxd5 4. d4 g6 5. Be3 cxd4 6. cxd4 Nf6 7. Nf3 Bg7 8. Nc3 Qa5 9. Bc4 O-O 10. O-O Nbd7 11. h3 Nb6 12. Bb3 Nbd5 13. Bd2 Qd8 14. Re1 b6 15. Ne5 Bb7 16. Qf3 Rc8 17. Bg5 Rc7 18. Qd3 Nb4 19. Qg3 Nbd5 20. Nb5 Rc8 21. Nxa7 Ra8 22. Nb5 e6 23. Ng4 Qd7 24. Nc3 Nh5 25. Qh4 Ndf4 26. Bxf4 Nxf4 27. Ne4 f5 28. Ngf6+ Bxf6 29. Nxf6+ Rxf6 30. Qxf6 Bd5 31. Qe5 Nd3 32. Bxd5 Nxe5 33. Bxa8 Qxd4 34. b3 Nd3 35. Red1 e5 36. Kh1 Nxf2+ 37. Kh2 Nxd1 38. Rb1 Qf4+ 39. Kh1 Nf2+ 40. Kg1 Ne4 41. Bd5+ Kg7 42. Rf1 Qe3+ 43. Kh2 Qg3+ 44. Kg1 Nd2 45. Rd1 Qe3+ 46. Kh1 f4 47. a4 g5 48. b4 g4 49. hxg4 f3 50. gxf3 Nxf3 51. Rf1 Nd4 52. Rf7+ Kg6 53. Kg2 e4 54. Re7 Qf3+ 55. Kh2 Qf4+ 56. Kh3 Qf1+ 57. Kg3 Ne2+ 58. Kh2 Qf2+ 59. Kh3 Qg3# 0-1


[Site "https://www.chess.com"]

[Event "Titled Tuesday Blitz March 15 Late 2022"]
[White "Brunner, Nicolas"]
[Black "Palachev, Petr"]
[WhiteFideId "620246"]
[BlackFideId "24129003"]
[WhiteElo "2372"]
[BlackElo "2339"]
[Result "1/2-1/2"]
[Round "02"]
[TimeControl "180+1"]
[Date "2022.03.16"]
[WhiteClock "0:00:14"]
[BlackClock "0:00:06"]

1. d4 Nf6 2. c4 e6 3. g3 d5 4. Bg2 dxc4 5. Nf3 a6 6. O-O Nc6 7. Nc3 Rb8 8. e4 Be7 9. Qe2 b5 10. Rd1 O-O 11. d5 exd5 12. e5 d4 13. exf6 Bxf6 14. Ne4 Be7 15. Bg5 d3 16. Qd2 Bg4 17. Bxe7 Qxe7 18. Re1 Qb4 19. Rac1 Bxf3 20. Bxf3 Rbd8 21. b3 f5 22. Qxb4 Nxb4 23. Nd2 Nxa2 24. Ra1 Nb4 25. bxc4 Nc2 26. cxb5 axb5 27. Bc6 b4 28. Ba4 Nxa1 29. Rxa1 Ra8 30. Bb3+ Kh8 31. Rc1 Rfe8 32. Rxc7 Re2 33. Nf3 Rb2 34. Bd5 Rb8 35. Rd7 b3 36. Be6 Re2 37. Bxb3 h6 38. Bc4 Rb1+ 39. Kg2 Rbb2 40. Nh4 Rxf2+ 41. Kg1 Rfd2 42. Ng6+ Kh7 43. Nf8+ Kh8 44. Ng6+ Kh7 45. Nf8+ Kh8 46. Ng6+ 1/2-1/2


[Site "https://www.chess.com"]

[Event "Titled Tuesday Blitz March 15 Late 2022"]
[White "Bryakin, Mikhail"]
[Black "Nakamura, Hikaru"]
[WhiteFideId "4165314"]
[BlackFideId "2016192"]
[WhiteElo "2417"]
[BlackElo "2850"]
[Result "0-1"]
[Round "02"]
[TimeControl "180+1"]
[Date "2022.03.15"]
[WhiteClock "0:00:06"]
[BlackClock "0:00:31"]

1. d4 f5 2. Bf4 d6 3. h3 Nf6 4. e3 g6 5. Nf3 Bg7 6. c3 O-O 7. Nbd2 c6 8. Bh2 Nbd7 9. Be2 Ne4 10. O-O Ndf6 11. a4 Kh8 12. Nxe4 fxe4 13. Nd2 Bh6 14. Qc2 d5 15. Rae1 Bf5 16. Bd1 Qd7 17. Qb3 Rae8 18. f4 Bg7 19. g4 Be6 20. Rf2 Qc8 21. Bg3 Bg8 22. Ref1 e6 23. Be2 c5 24. a5 Rf7 25. Rh2 Ref8 26. h4 h5 27. g5 Ne8 28. Ra1 Nd6 29. Nf1 Nf5 30. Bf2 cxd4 31. cxd4 Rc7 32. a6 b6 33. Ng3 Nd6 34. Kg2 Rff7 35. Rhh1 Rc6 36. Bb5 Rc2 37. Rhd1 Rfc7 38. Be2 Bf7 39. Qb4 Bf8 40. Qb3 Nf5 41. Nxf5 Rxe2 42. Ng3 Rec2 43. Qb5 Be8 44. Qb3 R7c4 45. Rab1 Qxa6 46. Ra1 Qb7 47. Qa2 a5 48. Rab1 Qc8 49. Qb3 b5 50. Qa2 a4 51. Qa1 Rc6 52. Re1 b4 53. Re2 Rxe2 54. Nxe2 Rc2 55. Re1 Bb5 56. Ng3 Qc4 57. Qd1 Be8 58. f5 exf5 59. Ne2 Rxb2 60. Nf4 a3 61. Qa1 b3 62. Rc1 Rc2 63. Rxc2 Qxc2 64. Qf1 Qc4 65. Qe1 b2 66. Qa5 b1=Q 67. Qd8 Qc6 68. Ne6 Qxe6 0-1


[Site "https://www.chess.com"]

[Event "Titled Tuesday Blitz March 15 Late 2022"]
[White "Chiku-Ratte, Olivier-Kenta"]
[Black "Andreikin, Dmitry"]
[WhiteFideId "2614782"]
[BlackFideId "4158814"]
[WhiteElo "2324"]
[BlackElo "2736"]
[Result "0-1"]
[Round "02"]
[TimeControl "180+1"]
[Date "2022.03.15"]
[WhiteClock "0:00:04"]
[BlackClock "0:00:18"]

1. Nf3 Nf6 2. d4 d5 3. c4 e6 4. Nc3 a6 5. cxd5 exd5 6. Bg5 Be6 7. e3 Nbd7 8. Bd3 h6 9. Bh4 Bd6 10. O-O O-O 11. Qc2 Rc8 12. Rac1 c5 13. dxc5 Nxc5 14. Nd4 Bxh2+ 15. Kxh2 Ng4+ 16. Kg3 Qd6+ 17. f4 Nxe3 18. Qe2 Nxf1+ 19. Rxf1 Nxd3 20. Nxe6 fxe6 21. Qxd3 Rc4 22. Kh3 Qd7 23. Bg3 b5 24. Kh2 b4 25. Ne2 e5 26. Rd1 exf4 27. Qxc4 fxg3+ 28. Nxg3 dxc4 29. Rxd7 Rf2 30. Rd4 Rxb2 31. Rxc4 a5 32. Rc7 Rxa2 33. Nf5 b3 34. Rxg7+ Kf8 35. Rb7 a4 36. Nd4 b2 37. Nc2 Ke8 38. Kh3 b1=Q 39. Rxb1 Rxc2 40. Rb6 h5 41. g3 a3 42. Ra6 a2 43. Kh4 Rh2+ 44. Kg5 Kd7 45. Kf4 Kc7 46. Kf3 Kb7 47. Ra3 h4 48. Kg4 h3 49. Kh4 Kc6 50. g4 Kb5 51. g5 Kb4 52. Ra8 Kb3 53. g6 Rg2 54. Kxh3 Rxg6 55. Rb8+ Kc2 56. Rc8+ Kb1 57. Rb8+ Ka1 58. Kh2 Rg4 59. Kh3 Rg1 60. Kh2 Rb1 61. Rc8 Rb2+ 62. Kg1 Kb1 0-1


[Site "https://www.chess.com"]

[Event "Titled Tuesday Blitz March 15 Late 2022"]
[White "Ciolek, Andreas"]
[Black "Chyngyz, Sultai"]
[WhiteFideId "12906727"]
[BlackFideId "13803158"]
[WhiteElo "2215"]
[BlackElo "1365"]
[Result "0-1"]
[Round "02"]
[TimeControl "180+1"]
[Date "2022.03.16"]
[WhiteClock "0:00:05"]
[BlackClock "0:00:25"]

1. d4 Nf6 2. Nf3 g6 3. g3 Bg7 4. Bg2 O-O 5. O-O d6 6. b3 c5 7. Bb2 cxd4 8. Nxd4 Nc6 9. Nxc6 bxc6 10. Bxc6 Bh3 11. Bg2 Bxg2 12. Kxg2 Rc8 13. c4 h5 14. Nc3 h4 15. Rb1 Qd7 16. Nd5 h3+ 17. Kg1 Qb7 18. Nxf6+ Bxf6 19. f3 Qb6+ 20. Kh1 Bxb2 21. Rxb2 Rxc4 22. Rc2 Rc5 23. Rxc5 Qxc5 24. Qc1 Qe5 25. Qc2 Kh7 26. e4 e6 27. Rd1 d5 28. exd5 Rc8 29. Qd2 exd5 30. Re1 Qf5 31. f4 Rc2 32. Qd4 Rxa2 33. b4 Qc2 34. Qg1 d4 35. Rc1 Qg2+ 36. Qxg2 hxg2+ 37. Kg1 d3 38. Rd1 Rb2 39. Rxd3 Rxb4 40. Ra3 Rb2 41. Rxa7 Kg7 42. Ra6 Kh6 43. h3 Kh5 44. Kh2 f5 45. Ra8 Kh6 46. Ra7 Re2 47. g4 fxg4 48. hxg4 Rf2 49. Kh3 g1=N+ 50. Kg3 Rf3+ 51. Kh4 Rh3# 0-1


[Site "https://www.chess.com"]

[Event "Titled Tuesday Blitz March 15 Late 2022"]
[White "Coelho, Ramyres Santana"]
[Black "Seul, Georg"]
[WhiteFideId "2120690"]
[BlackFideId "4601653"]
[WhiteElo "1888"]
[BlackElo "2271"]
[Result "0-1"]
[Round "02"]
[TimeControl "180+1"]
[Date "2022.03.16"]
[WhiteClock "0:00:08"]
[BlackClock "0:00:21"]

1. e4 c6 2. d4 d5 3. Nc3 dxe4 4. Nxe4 Nf6 5. Ng3 h5 6. h4 c5 7. Be3 Ng4 8. Nf3 Nxe3 9. fxe3 g6 10. Bc4 Bh6 11. Qe2 cxd4 12. exd4 O-O 13. Qe4 Qd6 14. Kf2 Nc6 15. c3 Bg4 16. Ng5 Kg7 17. Be2 Qf6+ 18. Ke3 Bxg5+ 19. hxg5 Qxg5+ 20. Kd3 Bxe2+ 21. Nxe2 Rad8 22. Nf4 e5 23. Nh3 Qg3+ 24. Kc2 exd4 25. Raf1 Rfe8 26. Qf3 Qxf3 27. Rxf3 Re2+ 28. Kb3 Rxg2 29. Nf4 Rg4 30. Rhf1 Rd7 31. Nd5 Rxd5 32. Rxf7+ Kh6 33. Rf8 dxc3 34. bxc3 Rb5+ 35. Kc2 Rg2+ 36. Kd3 Rd5+ 37. Kc4 Rf5 38. R8xf5 gxf5 39. Rxf5 Rg4+ 40. Kb3 Rg7 41. Rf6+ Kg5 42. Rf8 h4 43. Rf1 Kh5 44. Rh1 Ne5 45. Rd1 h3 46. Rh1 Kh4 47. Rh2 Nf3 48. Rf2 h2 49. Rxf3 h1=Q 50. Rd3 Qb1+ 51. Kc4 Rg4+ 52. Rd4 Rxd4+ 53. cxd4 Qxa2+ 54. Kc5 Kg5 55. d5 Kf6 56. Kd6 Qc4 57. Kd7 Qxd5+ 58. Kc8 Qf7 59. Kb8 b5 60. Ka8 Ke6 0-1


[Site "https://www.chess.com"]

[Event "Titled Tuesday Blitz March 15 Late 2022"]
[White "Costachi, Mihnea"]
[Black "Chen, Justin"]
[WhiteFideId "1217518"]
[BlackFideId "2098199"]
[WhiteElo "2464"]
[BlackElo "2451"]
[Result "1-0"]
[Round "02"]
[TimeControl "180+1"]
[Date "2022.03.16"]
[WhiteClock "0:00:29"]
[BlackClock "0:00:07"]

1. e4 c6 2. Nf3 d5 3. Nc3 Bg4 4. d3 dxe4 5. Nxe4 Nd7 6. g3 Ngf6 7. Bg2 Nxe4 8. dxe4 Ne5 9. Qxd8+ Rxd8 10. Nd2 Nd7 11. f4 e5 12. h3 exf4 13. hxg4 fxg3 14. Nf1 Bd6 15. Be3 Ne5 16. Nxg3 Nxg4 17. Nf5 Be5 18. c3 g6 19. Bg5 gxf5 20. Bxd8 Kxd8 21. exf5 Ne3 22. Be4 Ke7 23. Ke2 Ng4 24. Rag1 Nf6 25. Kf3 Rd8 26. Rd1 Rg8 27. Rhg1 Rh8 28. Bc2 Nd5 29. Bb3 Nb6 30. f6+ Kxf6 31. Ke4 Bc7 32. Rdf1+ Ke7 33. Rxf7+ Kd8 34. Rgg7 Na8 35. Rd7+ Kc8 36. Be6 Kb8 37. Rxh7 Rxh7 38. Rxh7 a6 39. a4 Nb6 40. a5 Na4 41. Kd4 Nxb2 42. Rh8+ Ka7 43. Bc8 Bxa5 44. Rh7 Kb8 45. Bxb7 Bb6+ 46. Ke4 Nc4 47. Bxc6 Nd6+ 48. Kd5 Nf5 49. Rb7+ Ka8 50. Rxb6+ Ka7 51. Rb7+ Ka8 52. Rf7+ Kb8 53. Rxf5 a5 54. Kc5 a4 55. Kb6 a3 56. Rf8# 1-0


[Site "https://www.chess.com"]

[Event "Titled Tuesday Blitz March 15 Late 2022"]
[White "Curtis, John"]
[Black "Estrada Nieto, Julian"]
[WhiteFideId "3200256"]
[BlackFideId "5101018"]
[WhiteElo "2203"]
[BlackElo "2246"]
[Result "1/2-1/2"]
[Round "02"]
[TimeControl "180+1"]
[Date "2022.03.16"]
[WhiteClock "0:00:54"]
[BlackClock "0:00:05"]

1. e4 e5 2. Nf3 Nc6 3. Bb5 a6 4. Bxc6 dxc6 5. O-O Bd6 6. d4 exd4 7. Qxd4 f6 8. Rd1 Be6 9. Be3 Ne7 10. Nbd2 O-O 11. Nc4 Bxh2+ 12. Kxh2 Qxd4 13. Rxd4 c5 14. Rd2 Bxc4 15. Bxc5 Rf7 16. b3 Bb5 17. Nd4 Ng6 18. a4 Be8 19. Rad1 b6 20. Ba3 Ne5 21. f3 Bd7 22. Ne2 h5 23. Nf4 h4 24. Bb2 Bc6 25. Bxe5 fxe5 26. Nd3 Re8 27. Nb4 Bb7 28. Rd8 Rxd8 29. Rxd8+ Kh7 30. Re8 a5 31. Nd3 Rd7 32. Rxe5 Ba6 33. Nf4 Rd2 34. c4 Rb2 35. Re7 Rxb3 36. Rxc7 Rb4 37. Ne6 Bxc4 38. Rxg7+ Kh6 39. Re7 Rxa4 40. Nf4 Ra2 41. Rb7 Kg5 42. Nh3+ Kf6 43. Rxb6+ Ke5 44. Rh6 Bf1 45. Rh5+ Kd4 46. Nf4 a4 47. Rxh4 a3 48. Kg1 Ra1 49. Ne6+ Ke3 50. Rh5 Bc4+ 51. Kh2 Bxe6 52. Ra5 a2 53. Ra3+ Kf2 54. f4 Rg1 55. f5 a1=Q 56. Rxa1 Rxa1 57. fxe6 Ra6 58. Kh3 Rxe6 59. Kg4 Rxe4+ 60. Kf5 Re8 61. g4 Kf3 62. g5 Rf8+ 63. Ke6 Kg4 64. g6 Kg5 65. g7 Rg8 66. Kf7 Rxg7+ 67. Kxg7 1/2-1/2


[Site "https://www.chess.com"]

[Event "Titled Tuesday Blitz March 15 Late 2022"]
[White "Dauner, Benedikt"]
[Black "Cagara, Paulina"]
[WhiteFideId "16225899"]
[BlackFideId "1124870"]
[WhiteElo "2230"]
[BlackElo "1780"]
[Result "1-0"]
[Round "02"]
[TimeControl "180+1"]
[Date "2022.03.16"]
[WhiteClock "0:01:03"]
[BlackClock "0:00:52"]

1. d4 f5 2. Nc3 g6 3. h4 h6 4. e4 fxe4 5. Qg4 Kf7 6. h5 e6 7. hxg6+ Kg7 8. Nh3 Nf6 9. Qe2 Bb4 10. Bd2 Bxc3 11. Bxc3 d5 12. O-O-O Nc6 13. Nf4 Ne7 14. f3 Qd6 15. Bd2 Qa6 16. Qxa6 bxa6 17. fxe4 Nxe4 18. Bd3 Nxd2 19. Nh5+ Kg8 20. Rxd2 Nf5 21. g4 Ng7 22. Rf2 Nxh5 23. gxh5 e5 24. g7 1-0


[Site "https://www.chess.com"]

[Event "Titled Tuesday Blitz March 15 Late 2022"]
[White "Deac, Bogdan-Daniel"]
[Black "Mikhailov, Viacheslav"]
[WhiteFideId "1226380"]
[BlackFideId "4187369"]
[WhiteElo "2646"]
[BlackElo "2381"]
[Result "1-0"]
[Round "02"]
[TimeControl "180+1"]
[Date "2022.03.15"]
[WhiteClock "0:00:06"]
[BlackClock "0:00:07"]

1. e4 d6 2. d4 Nf6 3. Nc3 g6 4. g3 Bg7 5. Bg2 O-O 6. Nge2 c6 7. a4 Bg4 8. h3 Bxe2 9. Nxe2 Nbd7 10. Nc3 c5 11. Be3 cxd4 12. Bxd4 Qa5 13. O-O Rfc8 14. Re1 Ne5 15. Nd5 Nxd5 16. exd5 Qb4 17. c3 Qc4 18. Bf1 Qxd5 19. Bg2 Qc4 20. Bxb7 Rab8 21. Bxc8 Qxc8 22. Bxe5 Bxe5 23. Rxe5 dxe5 24. Qe2 Qxh3 25. b4 f6 26. b5 h5 27. Qe3 Rc8 28. Qd3 Kg7 29. c4 h4 30. Rc1 Rh8 31. Qa3 hxg3 32. fxg3 Qh1+ 33. Kf2 Qe4 34. Qxe7+ Kg8 35. Qe8+ Kg7 36. Qd7+ Kh6 37. c5 Kg5 38. Qd2+ Kf5 39. g4+ Qxg4 40. Qd3+ e4 41. Qd7+ Kf4 42. Qd6+ Kg5 43. Qd2+ Qf4+ 44. Qxf4+ Kxf4 45. c6 e3+ 46. Ke2 Rh2+ 47. Kd3 Rd2+ 48. Kc3 Rd8 49. a5 e2 50. Re1 Ke3 51. b6 axb6 52. axb6 Rd6 53. c7 Rc6+ 54. Kb4 Rxb6+ 55. Kc5 Rb2 56. Rc1 Rc2+ 57. Rxc2 e1=Q 58. c8=Q Qa5+ 59. Kd6 Qa4 60. Rc3+ Kd4 61. Qc5+ Ke4 62. Rc4+ Qxc4 63. Qxc4+ Kf3 64. Kd5 f5 65. Ke5 1-0


[Site "https://www.chess.com"]

[Event "Titled Tuesday Blitz March 15 Late 2022"]
[White "Domingo Nunez, Alejandro"]
[Black "Drozdowski, Kacper"]
[WhiteFideId "22245561"]
[BlackFideId "1136720"]
[WhiteElo "2215"]
[BlackElo "2507"]
[Result "0-1"]
[Round "02"]
[TimeControl "180+1"]
[Date "2022.03.15"]
[WhiteClock "0:00:29"]
[BlackClock "0:01:11"]

1. Nf3 d5 2. c4 c6 3. g3 Nf6 4. Bg2 Bg4 5. O-O Nbd7 6. b3 e5 7. Bb2 Bd6 8. cxd5 cxd5 9. Nc3 O-O 10. Nb5 Bb8 11. Ba3 Re8 12. Nd6 Bxd6 13. Bxd6 Qa5 14. a4 Rac8 15. Rc1 Qb6 16. Rxc8 Rxc8 17. Ba3 e4 18. Ne1 Ne5 19. h3 Be6 20. d4 Nc6 21. Bc5 Qa5 22. Nc2 Nd7 23. Bd6 Qc3 24. Ba3 Qxb3 25. Qb1 Qxa4 26. Qxb7 Rb8 27. Qc7 Qxc2 28. Rc1 Qa4 29. Rxc6 Qxa3 30. Rxe6 fxe6 31. Qxd7 Qa1+ 32. Kh2 Qxd4 33. Qxa7 Qxa7 0-1


[Site "https://www.chess.com"]

[Event "Titled Tuesday Blitz March 15 Late 2022"]
[White "Donatti, Alvaro"]
[Black "Vovk, Orest"]
[WhiteFideId "3000303"]
[BlackFideId "14113490"]
[WhiteElo "2138"]
[BlackElo "2203"]
[Result "0-1"]
[Round "02"]
[TimeControl "180+1"]
[Date "2022.03.16"]
[WhiteClock "0:00:27"]
[BlackClock "0:01:36"]

1. e4 Nc6 2. Nf3 d5 3. exd5 Qxd5 4. d4 Bg4 5. Be3 O-O-O 6. Nc3 Bxf3 7. gxf3 Qa5 8. Bb5 e6 9. Bxc6 bxc6 10. Qe2 Bb4 11. Qc4 Kb7 12. O-O-O Bxc3 13. Qxc3 Qxc3 14. bxc3 Ne7 15. c4 Nf5 16. Kb2 c5 17. d5 Nxe3 18. fxe3 c6 19. dxe6 fxe6 20. Kc3 Kc7 21. Rhg1 Rxd1 22. Rxd1 Rf8 23. f4 Rf5 24. Rg1 g6 25. Kd3 Rh5 26. Rg2 e5 27. Ke4 exf4 28. exf4 Rh3 29. f5 Rh4+ 30. Ke5 Rh5 31. Rf2 gxf5 32. Rxf5 Rxh2 33. Rf7+ Kb6 34. Kd6 Rd2+ 35. Ke5 Rxc2 36. Rxh7 Rxc4 37. Rh2 Rc1 38. Rb2+ Kc7 39. Ke4 a5 40. Ke3 a4 41. Kd2 Rh1 42. Kc3 Rh4 43. Rg2 Kb6 44. Rb2+ Ka5 45. Rb8 Rh2 46. a3 Rh3+ 47. Kb2 c4 48. Rb7 Rb3+ 0-1


[Site "https://www.chess.com"]

[Event "Titled Tuesday Blitz March 15 Late 2022"]
[White "Dubov, Daniil"]
[Black "Gledura, Benjamin"]
[WhiteFideId "24126055"]
[BlackFideId "712779"]
[WhiteElo "2791"]
[BlackElo "2326"]
[Result "1/2-1/2"]
[Round "02"]
[TimeControl "180+1"]
[Date "2022.03.15"]
[WhiteClock "0:00:07"]
[BlackClock "0:00:19"]

1. e4 Nf6 2. e5 Nd5 3. Nc3 Nxc3 4. bxc3 d6 5. f4 g6 6. d4 Bg7 7. Bd3 O-O 8. Nf3 c5 9. O-O cxd4 10. cxd4 Bg4 11. Be3 Nc6 12. h3 Bxf3 13. Qxf3 dxe5 14. dxe5 Qc7 15. Rad1 Rac8 16. c3 b6 17. h4 e6 18. h5 Ne7 19. c4 Rfd8 20. Bf2 Rd7 21. Be4 Rxd1 22. Rxd1 Bf8 23. Rc1 Qd7 24. c5 bxc5 25. Rxc5 Rxc5 26. Bxc5 Qa4 27. a3 Qc4 28. Bxa7 Nd5 29. hxg6 hxg6 30. g3 Qc1+ 31. Kg2 Nc3 32. a4 Qa3 33. Bc6 Qa2+ 34. Kh3 Nxa4 35. Be8 Qc2 36. Qc6 Qxc6 37. Bxc6 Nc3 38. Bd4 Ne2 39. Be3 Nc3 40. Kg2 Be7 41. Kf3 f5 42. exf6 Bxf6 43. g4 Kf7 44. Bd2 Nd5 45. Ba4 Bc3 46. Bc1 Bf6 47. Bb3 Ke7 48. Bc2 Kf7 49. Bb3 Ke7 50. Ke4 Nc3+ 51. Kd3 Nd5 52. Ba3+ Kf7 53. Ke4 Nc3+ 54. Kf3 Nb5 55. Bc5 Nd4+ 56. Bxd4 Bxd4 57. Ke4 Bf6 58. f5 gxf5+ 59. gxf5 Ke7 60. Bxe6 Bg5 61. Kd3 Bf6 62. Bb3 Bg5 63. f6+ Bxf6 1/2-1/2


[Site "https://www.chess.com"]